 Dungeon Crawl Stone Soup version 0.31-a0-166-g46f44d267d (webtiles) character file.

Game seed: 12082234678737201588

403 qw the Shooter (level 6, -1/57 HPs)
             Began as a Naga Hunter on June 13, 2023.
             Was an Initiate of Okawaru.
             Slain by an ufetubus (4 damage)
             ... on level 5 of the Dungeon.
             The game lasted 00:01:21 (2815 turns).

qw the Shooter (Naga Hunter)                        Turns: 2815, Time: 00:01:22

Health: -1/57      AC:  3    Str: 13    XL:     6   Next: 86%
Magic:  6/6        EV:  9    Int: 10    God:    Okawaru [......]
Gold:   184        SH:  0    Dex: 16    Spells: 5/5 levels left

rFire   . . .        Y - +0 shortbow
rCold   . . .        (shield currently unavailable)
rNeg    . . .        c - +0 leather armour
rPois   +            (no helmet)
rElec   .            (no cloak)
rCorr   .            (no gloves)
SInv    +            (no barding)
Will    .....        (no amulet)
Stlth   ++           (no ring)
HPRegen 0.29/turn    (no ring)
MPRegen 0.10/turn

%: no passive effects
@: short of breath, weakened, very slow
A: AC +2, large, see invisible, deformed body, poison resistance, slowness 2,
spit poison 1, naga tail 1
a: Spit Poison, Renounce Religion


You were on level 5 of the Dungeon.
You worshipped Okawaru.
Okawaru was noncommittal.
You visited 2 branches of the dungeon, and saw 6 of its levels.

You collected 184 gold pieces.


Innate Abilities, Weirdness & Mutations

Your serpentine skin is tough. (AC +2)
You have supernaturally acute eyesight. (SInv)
Armour fits poorly on your strangely shaped body.
Your system is resistant to poisons. (rPois)
You cover ground very slowly.
You can spit poison.
You have a snake-like lower body.


   Skills:
 - Level 4.2 Fighting
 + Level 6.3 Ranged Weapons
 - Level 1.5 Dodging
 - Level 1.5 Stealth


You had 5 spell levels left.
You didn't know any spells.
Your spell library was empty.

Inventory:

Hand Weapons
 Y - a +0 shortbow (weapon)
Armour
 c - a +0 leather armour (worn)
Scrolls
 a - a scroll of identify
Potions
 b - a potion of cancellation
 d - a potion of resistance
 e - a potion of might
 f - a potion of haste {unknown}
 g - a potion of curing {unknown}
 h - a potion of mutation {unknown}
 i - a potion of heal wounds {unknown}

Dungeon Overview and Level Annotations

Branches:
Dungeon (5/15)             Temple (1/1) D:4

Altars:
Ashenzari
Cheibriados
Dithmenos
Elyvilon
Fedhas
Gozag
Hepliaklqana
Kikubaaqudgha
Makhleb
Okawaru
Qazlal
Ru
Uskayaw
Vehumet
Wu Jian
Xom
Yredelemnul
Zin
The Shining One


Message History

You shoot an arrow. The arrow hits the gnoll.
The gnoll is heavily wounded.
The gnoll hits you from afar with a +0 spear!
The gnoll hits you with a +0 whip.
You shoot an arrow.
The arrow hits the gnoll but does no damage.
The gnoll is heavily wounded.
The gnoll closely misses you. The gnoll barely misses you.
The gnoll hits you with a +0 whip.
The gnoll bouda hits you with a +0 whip.
You shoot an arrow.
The arrow hits the gnoll but does no damage.
The gnoll is heavily wounded.
You have got your breath back.
The gnoll hits you from afar with a +0 spear.
The gnoll hits you but does no damage. The gnoll barely misses you.
The gnoll bouda calls upon its god to heal the gnoll.
The gnoll is healed somewhat.
The gnoll hits you but does no damage.
The gnoll hits you from afar with a +0 spear.
2814 ||| INVOKING Spit Poison.
Aiming: Spit Poison (1% risk of failure)
Press: ? - help, Shift-Dir - straight line, f - gnoll bouda, p - gnoll The splash of poison hits the gnoll bouda!
The gnoll bouda is heavily wounded.
The gnoll barely misses you. The gnoll bouda barely misses you.
The ufetubus closely misses you. The ufetubus barely misses you.
The gnoll hits you from afar with a +0 spear.
The gnoll barely misses you.
You shoot an arrow. The arrow hits the gnoll bouda.
The gnoll bouda is severely wounded.
Your attacks no longer feel as feeble.
The gnoll is no longer moving quickly.
The ufetubus misses you. The ufetubus barely misses you.
The gnoll hits you with a +0 whip.
The gnoll bouda gazes fiercely through you!
You feel your attacks grow feeble.
The gnoll bouda hits you with a +0 whip!
The gnoll hits you from afar with a +0 spear.
The gnoll closely misses you. The ufetubus barely misses you.
The ufetubus hits you.
You die...

..
####?####
#......[#
#.......#
#...>...##
#........
.....gg.#
.....og@#
#....g5<#
#########


You could see a gnoll bouda, 3 gnolls, an orc and an ufetubus.

Vanquished Creatures
  2 ogres
  A jelly (D:4)
  An iguana (D:4)
  A gnoll (D:5)
  5 adders
  12 dart slugs
  7 orcs (D:4)
  6 endoplasms
  6 giant cockroaches
  3 goblins
  7 hobgoblins
  7 jackals
  3 quokkas
  5 ball pythons
  7 bats
  2 frilled lizards
  9 kobolds
  9 rats
93 creatures vanquished.

Notes
Turn   | Place    | Note
-------+----------+-------------------------------------------
     0 | D:1      | qw the Naga Hunter began the quest for the Orb.
     0 | D:1      | Reached XP level 1. HP: 19/19 MP: 1/1
     0 | D:1      | 0 ||| qw: Version: 0.2-a-29-gc1b59c4
     0 | D:1      | 0 ||| qw: Game counter: 4817
     0 | D:1      | 0 ||| qw: Always use a shield: true
     0 | D:1      | 0 ||| qw: God list: Okawaru
     0 | D:1      | 0 ||| qw: Allow faded altars: false
     0 | D:1      | 0 ||| qw: Do Orc after D:15 true
     0 | D:1      | 0 ||| qw: Do second Lair branch before Depths: true
     0 | D:1      | 0 ||| qw: Lair rune preference: random
     0 | D:1      | 0 ||| qw: Plans: Normal
     0 | D:1      | 0 ||| PLANNING D:1-11
    10 | D:1      | 10 ||| INVOKING Spit Poison.
    20 | D:1      | 20 ||| INVOKING Spit Poison.
    24 | D:1      | 24 ||| INVOKING Spit Poison.
    28 | D:1      | Reached skill level 4 in Ranged Weapons
    28 | D:1      | Reached XP level 2. HP: 23/26 MP: 2/2
    28 | D:1      | 28 ||| INVOKING Spit Poison.
    33 | D:1      | 33 ||| INVOKING Spit Poison.
    66 | D:1      | 66 ||| INVOKING Spit Poison.
    87 | D:1      | 87 ||| INVOKING Spit Poison.
    99 | D:1      | 99 ||| INVOKING Spit Poison.
   110 | D:1      | 110 ||| INVOKING Spit Poison.
   122 | D:1      | 122 ||| INVOKING Spit Poison.
   163 | D:1      | 163 ||| INVOKING Spit Poison.
   165 | D:1      | 165 ||| Stepping ~*~*~tactically~*~*~ (outnumbered).
   173 | D:1      | 173 ||| INVOKING Spit Poison.
   243 | D:1      | 243 ||| INVOKING Spit Poison.
   244 | D:1      | Reached XP level 3. HP: 32/32 MP: 3/3
   253 | D:1      | 253 ||| INVOKING Spit Poison.
   294 | D:1      | 294 ||| INVOKING Spit Poison.
   295 | D:1      | 295 ||| INVOKING Spit Poison.
   298 | D:1      | 298 ||| INVOKING Spit Poison.
   314 | D:1      | 314 ||| INVOKING Spit Poison.
   339 | D:1      | 339 ||| INVOKING Spit Poison.
   345 | D:1      | 345 ||| INVOKING Spit Poison.
   349 | D:1      | 349 ||| INVOKING Spit Poison.
   395 | D:1      | 395 ||| INVOKING Spit Poison.
   439 | D:1      | 439 ||| INVOKING Spit Poison.
   465 | D:1      | 465 ||| INVOKING Spit Poison.
   510 | D:1      | 510 ||| INVOKING Spit Poison.
   564 | D:1      | 564 ||| INVOKING Spit Poison.
   628 | D:1      | 628 ||| DRINKING 2 black potions.
   629 | D:1      | 629 ||| DROPPING scroll of butterflies.
   630 | D:1      | 630 ||| DROPPING potion of attraction.
   665 | D:2      | 665 ||| INVOKING Spit Poison.
   669 | D:2      | 669 ||| INVOKING Spit Poison.
   761 | D:2      | 761 ||| INVOKING Spit Poison.
   921 | D:2      | 921 ||| READING scroll labelled POTHRU ROGUAJU.
   935 | D:3      | 935 ||| INVOKING Spit Poison.
   936 | D:3      | Reached skill level 5 in Ranged Weapons
   936 | D:3      | Reached XP level 4. HP: 39/39 MP: 4/4
   938 | D:3      | 938 ||| INVOKING Spit Poison.
   939 | D:3      | 939 ||| STAIRDANCE
   976 | D:3      | 976 ||| INVOKING Spit Poison.
   980 | D:3      | 980 ||| STAIRDANCE
  1039 | D:3      | 1039 ||| INVOKING Spit Poison.
  1053 | D:3      | 1053 ||| INVOKING Spit Poison.
  1057 | D:3      | 1057 ||| INVOKING Spit Poison.
  1092 | D:3      | 1092 ||| INVOKING Spit Poison.
  1109 | D:3      | 1109 ||| INVOKING Spit Poison.
  1114 | D:3      | 1114 ||| INVOKING Spit Poison.
  1117 | D:3      | Reached skill level 3 in Fighting
  1246 | D:3      | 1246 ||| INVOKING Spit Poison.
  1247 | D:3      | 1247 ||| INVOKING Spit Poison.
  1280 | D:3      | 1280 ||| INVOKING Spit Poison.
  1300 | D:3      | 1300 ||| INVOKING Spit Poison.
  1310 | D:3      | 1310 ||| READING scroll labelled EXKOAWKYNA.
  1321 | D:3      | 1321 ||| READING 2 scrolls of identify.
  1321 | D:3      | 1321 ||| IDENTIFYING amethyst potion
  1326 | D:3      | 1326 ||| INVOKING Spit Poison.
  1330 | D:3      | 1330 ||| INVOKING Spit Poison.
  1454 | D:3      | 1454 ||| INVOKING Spit Poison.
  1461 | D:3      | Noticed an ogre
  1464 | D:3      | 1464 ||| INVOKING Spit Poison.
  1470 | D:3      | 1470 ||| INVOKING Spit Poison.
  1473 | D:3      | Killed an ogre
  1474 | D:3      | Reached XP level 5. HP: 14/49 MP: 5/5
  1630 | D:3      | 1630 ||| INVOKING Spit Poison.
  1636 | D:3      | 1636 ||| INVOKING Spit Poison.
  1755 | D:3      | 1755 ||| INVOKING Spit Poison.
  1866 | D:3      | 1866 ||| INVOKING Spit Poison.
  1943 | D:3      | 1943 ||| READING scroll labelled DEIBLO DEONUYSTEL.
  2054 | D:4      | 2054 ||| INVOKING Spit Poison.
  2060 | D:4      | 2060 ||| INVOKING Spit Poison.
  2062 | D:4      | Reached skill level 6 in Ranged Weapons
  2062 | D:4      | Reached XP level 6. HP: 52/56 MP: 6/6
  2066 | D:4      | 2066 ||| INVOKING Spit Poison.
  2179 | D:4      | Found a staircase to the Ecumenical Temple.
  2180 | D:4      | 2180 ||| PLANNING TEMPLE
  2180 | D:4      | 2180 ||| DROPPING ring of wizardry.
  2181 | D:4      | 2181 ||| READING scroll labelled AKHOSS JUAHONI.
  2182 | D:4      | 2182 ||| READING 2 scrolls of identify.
  2182 | D:4      | 2182 ||| IDENTIFYING glowing cyan potion
  2183 | D:4      | 2183 ||| DROPPING potion of enlightenment.
  2192 | Temple   | Entered the Ecumenical Temple
  2192 | Temple   | Found a transporter.
  2192 | Temple   | Found a transporter.
  2194 | Temple   | Found a transporter.
  2194 | Temple   | Found a transporter.
  2204 | Temple   | 2204 ||| PLANNING D:1-11
  2219 | Temple   | 2219 ||| PLANNING OKAWARU WORSHIP
  2223 | Temple   | Became a worshipper of Warmaster Okawaru
  2223 | Temple   | 2223 ||| PLANNING D:1-11
  2249 | D:4      | 2249 ||| INVOKING Spit Poison.
  2256 | D:4      | 2256 ||| INVOKING Spit Poison.
  2298 | D:4      | 2298 ||| INVOKING Spit Poison.
  2316 | D:4      | Found a hide-covered altar of Uskayaw.
  2349 | D:4      | 2349 ||| INVOKING Spit Poison.
  2354 | D:4      | 2354 ||| INVOKING Spit Poison.
  2357 | D:4      | 2357 ||| INVOKING Spit Poison.
  2415 | D:4      | 2415 ||| INVOKING Spit Poison.
  2430 | D:4      | 2430 ||| INVOKING Spit Poison.
  2436 | D:4      | 2436 ||| INVOKING Spit Poison.
  2486 | D:4      | Found a glowing golden altar of the Shining One.
  2562 | D:4      | 2562 ||| INVOKING Spit Poison.
  2569 | D:4      | 2569 ||| INVOKING Spit Poison.
  2681 | D:4      | 2681 ||| READING scroll labelled LAUKHLA VUYBRUD.
  2682 | D:4      | 2682 ||| READING scroll labelled CAUNOEDA HYCOEBA.
  2683 | D:4      | 2683 ||| READING 3 scrolls of identify.
  2683 | D:4      | 2683 ||| IDENTIFYING silvery potion
  2684 | D:4      | 2684 ||| READING 2 scrolls of identify.
  2684 | D:4      | 2684 ||| IDENTIFYING golden potion
  2710 | D:5      | Entered Level 5 of the Dungeon
  2711 | D:5      | 2711 ||| STAIRDANCE
  2713 | D:4      | 2713 ||| INVOKING Spit Poison.
  2803 | D:5      | 2803 ||| INVOKING Spit Poison.
  2808 | D:5      | 2808 ||| INVOKING Spit Poison.
  2814 | D:5      | 2814 ||| INVOKING Spit Poison.
  2815 | D:5      | HP: 8/57 [gnoll bouda/+0 whip (8)]
  2815 | D:5      | HP: 3/57 [gnoll/+0 spear[a gnoll bouda] (5)]
  2815 | D:5      | Slain by an ufetubus

Levels and vault maps discovered:
D:1:      dpeg_arrival_windows_large_door, layout_loops_ring
D:2:      layout_rooms
D:3:      kennysheep_slugbush, layout_basic, serial_bayou_lake_a
D:4:      layout_cave_pools, nicolae_overflow_crystal_walls,
          nicolae_uskayaw_dance_hall, minmay_temple_entry_gardened_gates
D:5:      lemuel_ratsnest, layout_loops_ring, tgw_trog, nicolae_specific_store
Temple:   hellmonk_temple_divided_pantheon

Skill      XL: |  1  2  3  4  5  6 |
---------------+-------------------+-----
Ranged Weapons | 4 5 6 |  6.3
Fighting       | 3 4 |  4.2
Dodging        | |  1.5
Stealth        | |  1.5

Action                     |  1- 3 |  4- 6 || total
---------------------------+-------+-------++-------
   Fire: Shortbow          |    66 |   120 ||   186
Ability: Spit Poison       |    29 |    38 ||    67
    Use: Scroll            |     1 |     9 ||    10
         Potion            |     1 |       ||     1
 Armour: Leather armour    |     7 |     6 ||    13
  Dodge: Dodged            |    14 |    40 ||    54

Table legend:
 A = Non-vault XP
 B = Vault XP
 C = Vault XP percentage of total XP
 D = Non-vault monster count
 E = Vault monster count
 F = Vault count percentage of total count
                 A         B        C        D         E       F
            +---------+---------+-------+---------+---------+-------
      Total |     536 |      40 |   6.9 |      83 |      10 |  10.8
            +---------+---------+-------+---------+---------+-------
        D:1 |      63 |       0 |   0.0 |      36 |       0 |   0.0
        D:2 |      15 |       0 |   0.0 |       9 |       0 |   0.0
        D:3 |     192 |      40 |  17.2 |      19 |      10 |  34.5
        D:4 |     252 |       0 |   0.0 |      18 |       0 |   0.0
        D:5 |      14 |       0 |   0.0 |       1 |       0 |   0.0
            +---------+---------+-------+---------+---------+-------
